 Dungeon Crawl Stone Soup version 0.27-a0-1140-g099f9bb0e8 (webtiles) character file.

Game seed: 4473747172194922630

6766 freelancePsychic the Basher (level 11, 0/91 HPs)
             Began as a Hill Orc Monk on May 9, 2021.
             Was a High Priest of Hepliaklqana.
             Slain by a vampire (6 damage)
             ... on level 11 of the Dungeon.
             The game lasted 00:19:44 (10606 turns).

freelancePsychic the Basher (Hill Orc Monk)        Turns: 10606, Time: 00:19:45

Health: 0/91       AC: 12    Str: 18    XL:     11   Next: 4%
Magic:  17/17      EV:  9    Int: 10    God:    Hepliaklqana [*****.]
Gold:   472        SH:  5    Dex: 13    Spells: 10/10 levels left

rFire    . . .     SeeInvis .   l - +1 morningstar (flame)
rCold    . . .     Faith    .   e - +0 buckler
rNeg     . . .     Spirit   .   k - +0 plate armour
rPois    +         Reflect  .   f - +0 helmet
rElec    .         Harm     .   (no cloak)
rCorr    .         Rampage  .   (no gloves)
Will     .....                  d - +0 pair of boots
Stlth    ..........             (no amulet)
HPRegen  0.25/turn              m - ring of poison resistance
MPRegen  0.15/turn              s - +4 ring of evasion

@: no status effects
A: reduced essence
a: Renounce Religion, Recall Ancestor, Ancestor Identity, Transference, Idealise


You were on level 11 of the Dungeon.
You worshipped Hepliaklqana.
Hepliaklqana was extremely pleased with you.
You visited 1 branch of the dungeon, and saw 11 of its levels.
You also visited: Ossuary.

You collected 472 gold pieces.

Inventory:

Hand Weapons
 a - a +0 hand axe
 l - a +1 morningstar of flaming (weapon)
 r - the +10 dagger of Piaw {drain, rC+ rCorr}
   (You found it on level 4 of the Dungeon)

   A truly terrible weapon, it drains the life of those it strikes.
   It protects you from cold.
   It protects you from acid and corrosion.
Missiles
 G - 8 curare-tipped darts (quivered)
Armour
 d - a +0 pair of boots (worn)
 e - a +0 buckler (worn)
 f - a +0 helmet (worn)
 k - a +0 plate armour (worn)
 z - the +1 leather armour of the Tanner {+Inv rPois rC++ Dex-3}
   (You found it on level 6 of the Dungeon)

   It affects your dexterity (-3).
   It greatly protects you from cold.
   It protects you from poison.
   It lets you turn invisible.
Jewellery
 m - a ring of poison resistance (left hand)
 s - a +4 ring of evasion (right hand)
 t - a ring of see invisible
 y - a +4 ring of evasion
Wands
 u - a wand of paralysis (7)
Scrolls
 b - a scroll of fog
 q - 6 scrolls of teleportation {@r4}
 v - a scroll of enchant armour
 D - 2 scrolls of magic mapping
 E - a scroll of amnesia
 F - 4 scrolls of enchant weapon
Potions
 c - 4 potions of degeneration
 g - 2 potions of mutation
 h - 9 potions of curing {@q1}
 i - a potion of heal wounds {@q2}
 j - 3 potions of brilliance
 n - a potion of lignification {unknown}
 o - 2 potions of magic {unknown}
 p - a potion of invisibility {unknown}
 w - a potion of attraction {unknown}
 x - 2 potions of might {unknown}
 A - a potion of haste {unknown}
 B - a potion of berserk rage {unknown}
 C - a potion of flight {unknown}
 H - a potion of ambrosia {unknown}


   Skills:
 + Level 11.0 Fighting
 - Level 5.1(10.1) Axes
 * Level 11.3(11.6) Maces & Flails
 - Level 2.6 Dodging
 - Level 1.9 Stealth
 + Level 6.4 Shields
 - Level 8.1 Invocations


You had 10 spell levels left.
You didn't know any spells.
Your spell library contained the following spells:

 Spells                   Type           Power      Damage    Failure   Level
 Animate Skeleton         Necr           0%         N/A       100%        1
 Apportation              Tloc           0%         N/A       100%        1
 Corona                   Hex            0%         N/A       100%        1
 Magic Dart               Conj           0%         1d3       100%        1
 Sandblast                Erth           0%         2d4       100%        1
 Summon Small Mammal      Summ           0%         N/A       100%        1
 Ensorcelled Hibernation  Hex/Ice        0%         N/A       100%        2
 Passwall                 Tmut/Erth      0%         N/A       100%        2
 Searing Ray              Conj           0%         3d3       100%        2
 Confusing Touch          Hex            0%         N/A       100%        3
 Dazzling Flash           Conj/Hex       0%         N/A       100%        3
 Stone Arrow              Conj/Erth      0%         3d7       100%        3
 Tukima's Dance           Hex            0%         N/A       100%        3
 Fulminant Prism          Conj/Hex       0%         3d6       100%        4
 Iskenderun's Mystic Bla  Conj/Tloc      0%         2d3       100%        4
 Leda's Liquefaction      Hex/Erth       0%         N/A       100%        4
 Petrify                  Tmut/Erth      0%         N/A       100%        4
 Summon Lightning Spire   Summ/Air       0%         N/A       100%        4
 Bolt of Magma            Conj/Fire/Erth 0%         4d4       100%        5
 Lee's Rapid Deconstruct  Erth           0%         3d5*      100%        5
 Iron Shot                Conj/Erth      0%         9d1       100%        6


Dungeon Overview and Level Annotations

Branches:
Dungeon (11/15)            Temple (0/1) D:6            Lair (0/6) D:9
    Orc (0/2) D:11        Ossuary (visited)

Altars:
Cheibriados
Fedhas
Hepliaklqana
Nemelex Xobeh
Okawaru
Qazlal
Ru
Vehumet
Wu Jian
Yredelemnul
Beogh

Shops:
D:1 (


Message History

You closely miss the gnoll.
The gnoll is severely wounded.
The vampire hits you but does no damage.
The vampire bites you.
The vampire draws strength from your injuries!
Dorque the Orc hits the gnoll with a +0 quarterstaff!
The gnoll dies!
The gnoll hits you but does no damage.
You bludgeon the gnoll!! You burn the gnoll.
You kill the gnoll!
The vampire hits you.
* * * LOW HITPOINT WARNING * * *
You block the vampire's attack.
You hit the vampire but do no damage. You block the vampire's attack.
The vampire closely misses you.
Dorque the Orc gestures at the vampire while chanting.
The puff of frost hits the vampire.
The vampire resists.
You closely miss the vampire.
The vampire is lightly damaged.
The vampire hits you but does no damage.
You block the vampire's attack.
Dorque the Orc gestures at the vampire while chanting.
The puff of frost hits the vampire.
The vampire completely resists.
You puncture the vampire! You burn the vampire.
The vampire is moderately damaged.
The vampire hits you but does no damage.
The vampire bites you but does no damage.
Dorque the Orc points at the vampire and mumbles some strange words.
The stone arrow hits the vampire!
You closely miss the vampire.
The vampire is almost destroyed.
The vampire draws life force from you!!
* * * LOW HITPOINT WARNING * * *
The vampire is healed by the life force!
Dorque the Orc points at the vampire and mumbles some strange words.
The stone arrow hits the vampire!
You closely miss the vampire.
The vampire is almost destroyed.
The vampire hits you.
You die...

...........##.#....#...#
....................<..#
8....>...)8)..........##
..........))..........#
..........)#.........##
.....8.....#...##.....#
##.....####†####....##
...#..VR....### ######
###)@......#
#...).......
##..........
......(....^
.####..##..## .. ##..
### . .. ...


You could see the friendly Dorque the Orc the battlemage and a vampire (ally
target).

Vanquished Creatures
  3 yaks
  A wraith (Ossuary)
  An acid dragon (D:9)
  A warg (D:9)
  3 water moccasins
  3 orc warriors
  2 phantoms
  A gnoll sergeant (D:11)
  A water moccasin zombie (D:5)
  2 scorpions
  A water moccasin skeleton (D:7)
  3 killer bees (D:9)
  3 howler monkeys
  4 centaur zombies
  A bullfrog skeleton (D:5)
  5 orc priests
  An iguana (D:7)
  A jelly (D:6)
  6 orc wizards
  3 mummies (Ossuary)
  A howler monkey zombie (D:8)
  2 adders
  2 gnolls (D:11)
  A white imp (D:5)
  A worm (D:2)
  A dart slug (D:5)
  22 orcs
  5 endoplasms
  6 giant cockroaches
  5 goblins
  6 hobgoblins
  8 jackals
  A quokka (D:2)
  A ball python (D:1)
  3 bats
  A frilled lizard (D:2)
  A goblin zombie (Ossuary)
  2 hobgoblin zombies (Ossuary)
  7 kobolds
  3 kobold zombies (Ossuary)
  7 rats
132 creatures vanquished.

Vanquished Creatures (collateral kills)
  Grinder (D:5)
  A hornet (D:9)
  A shadow (D:11)
  6 yaks
  A steam dragon (D:6)
  Edmund (D:5)
  A warg (D:9)
  4 orc warriors
  A water moccasin (D:6)
  An ogre (D:5)
  2 centaurs
  A bullfrog (D:8)
  A kobold brigand (D:10)
  A scorpion (D:7)
  A wyvern skeleton (D:7)
  3 killer bees (D:9)
  A human zombie (Ossuary)
  A centaur zombie (D:7)
  A hound (D:6)
  2 orc priests (D:9)
  A centaur skeleton (D:7)
  8 orc wizards
  A hound skeleton (D:5)
  2 gnolls (D:11)
  7 adders
  2 white imps (D:8)
  An ufetubus (D:4)
  2 adder skeletons (D:4)
  A worm (D:4)
  18 orcs
  An endoplasm (D:3)
  2 giant cockroaches (D:3)
  3 goblins
  7 hobgoblins
  4 jackals
  2 quokkas (D:3)
  2 ball pythons
  2 bats
  A frilled lizard (D:3)
  A hobgoblin zombie (Ossuary)
  A rat (D:2)
101 creatures vanquished.

Vanquished Creatures (others)
  5 battlemagi
5 creatures vanquished.

Grand Total: 238 creatures vanquished

Notes
Turn   | Place    | Note
-------+----------+-------------------------------------------
     0 | D:1      | freelancePsychic the Hill Orc Monk began the quest for the
                  | Orb.
     0 | D:1      | Reached XP level 1. HP: 19/19 MP: 1/1
    14 | D:1      | Found Dunuh Giqi's Weapon Boutique.
   257 | D:1      | Reached XP level 2. HP: 19/27 MP: 2/2
   743 | D:1      | Found a faded altar of an unknown god.
   867 | D:1      | Became a worshipper of Hepliaklqana the Forgotten
   867 | D:1      | Reached * piety under Hepliaklqana
   867 | D:1      | Reached ** piety under Hepliaklqana
   986 | D:1      | Remembered your ancestor Dorque the Orc as a battlemage
  1119 | D:2      | Reached XP level 3. HP: 29/29 MP: 3/3
  1123 | D:2      | Reached *** piety under Hepliaklqana
  1395 | D:2      | Reached skill level 1 in Invocations
  1516 | D:2      | Reached skill level 5 in Axes
  1525 | D:2      | Reached XP level 4. HP: 34/36 MP: 3/5
  2050 | D:3      | Found an iron altar of Okawaru.
  2367 | D:3      | Reached skill level 1 in Maces & Flails
  2559 | D:3      | Reached **** piety under Hepliaklqana
  2840 | D:3      | Reached XP level 5. HP: 42/42 MP: 6/6
  2913 | D:4      | Noticed a phantom
  2947 | D:3      | HP: 2/42 [poisoned by a scorpion]
  3382 | D:4      | Reached skill level 5 in Fighting
  3652 | D:4      | Found a radiant altar of Vehumet.
  3827 | D:4      | Reached XP level 6. HP: 48/50 MP: 8/8
  3885 | D:4      | Found a snail-covered altar of Cheibriados.
  4350 | D:4      | Identified the +10 dagger of Piaw {drain, rC+ rCorr}
  4402 | D:5      | Entered Level 5 of the Dungeon
  4403 | D:5      | Noticed Grinder
  4418 | D:5      | Killed Grinder
  4419 | D:5      | Reached skill level 5 in Invocations
  4419 | D:5      | Reached XP level 7. HP: 42/56 MP: 10/10
  4548 | D:5      | Found a sacrificial altar of Ru.
  4752 | D:5      | Found a basalt altar of Yredelemnul.
  4792 | D:5      | Found a sacrificial altar of Ru.
  4905 | D:5      | Reached XP level 8. HP: 63/63 MP: 12/12
  5050 | D:5      | Noticed Edmund
  5058 | D:5      | Killed Edmund
  5383 | D:6      | Reached skill level 5 in Maces & Flails
  5665 | D:6      | Identified the +1 leather armour of the Tanner {+Inv rPois
                  | rC++ Dex-3}
  5695 | D:6      | Reached ***** piety under Hepliaklqana
  6014 | D:6      | Found a stormy altar of Qazlal.
  6069 | D:6      | Reached XP level 9. HP: 70/73 MP: 14/14
  6121 | D:6      | Found a blossoming altar of Fedhas.
  6133 | D:6      | Found a staircase to the Ecumenical Temple.
  6253 | D:7      | Reached skill level 1 in Shields
  6287 | D:7      | Found an ornate altar of the Wu Jian Council.
  6997 | D:8      | Found a sand-covered staircase.
  7025 | Ossuary  | Entered an ossuary
  7508 | D:8      | Reached XP level 10. HP: 48/82 MP: 12/16
  7559 | D:7      | Reached skill level 10 in Fighting
  8016 | D:8      | Found a roughly hewn altar of Beogh.
  8565 | D:9      | Found a sparkling altar of Nemelex Xobeh.
  8898 | D:9      | Reached skill level 10 in Maces & Flails
  8898 | D:9      | Reached skill level 5 in Shields
  9320 | D:9      | Found a staircase to the Lair.
  9938 | D:10     | Entered Level 10 of the Dungeon
 10102 | D:10     | Identified Weved's Compendium of the Nine Quests
 10577 | D:11     | Found a staircase to the Orcish Mines.
 10588 | D:11     | Reached XP level 11. HP: 85/90 MP: 17/17
 10606 | D:11     | Slain by a vampire

Illustrated notes

Levels and vault maps discovered:
D:1:      psy_arrival_terrarium, layout_loops_ring,
          shapermc_ecumenical_altar_mp_urbaneastern, serial_shops, shop,
          minmay_misc_feat_encased
D:2:      layout_loops_ring, minmay_misc_feat_rugged, kennysheep_generic_room_11
D:3:      minmay_razor_zed, layout_basic, lemuel_crystal_altar,
          kennysheep_doodads
D:4:      kennysheep_spiral_hall, layout_rooms, nicolae_overflow_hidden_temple,
          lemuel_crystal_altar
D:5:      layout_gridville, kennysheep_mini_moat, nicolae_ru_awakened_eye,
          kennysheep_flooded_box, grunt_decor_cap, uniq_grinder, uniq_edmund
D:6:      minmay_flawed_box, layout_basic, nicolae_overflow_crystal_walls,
          kennysheep_mini, temple_fountains
D:7:      layout_basic, old_standard_altar, hex_tiny,
          hangedman_abyss_or_decor_stabs
D:8:      layout_basic, nicolae_ossuary_entry_false_entrances, special_room
          [special_room_orc], hangedman_abyss_or_decor_passed
D:9:      layout_roguey, nemelex_xobeh_ov_fountains_minmay,
          erik_lair_orcish_takeover, ebering_dispersal_statue_hall,
          serial_park_tiny_1
D:10:     layout_roguey, serial_curves, eino_curves_02, eino_curves_03
D:11:     layout_cave_pools, david_orc_2, uniq_nergalle

Skill      XL: |  1  2  3  4  5  6  7  8  9 10 11 |
---------------+----------------------------------+-----
Fighting       | 4 5 6 8 9 10 11 | 11.0
Invocations    | 1 2 3 5 7 8 |  8.1
Axes           | 5 |  5.1
Maces & Flails | 1 2 3 4 6 9 11 | 11.3
Shields        | 4 6 |  6.4
Dodging        | |  2.6
Stealth        | |  1.9

Action                   |  1- 3 |  4- 6 |  7- 9 | 10-12 || total
-------------------------+-------+-------+-------+-------++-------
Melee: Hand axe          |    88 |    19 |       |       ||   107
       Morningstar       |       |   101 |   144 |   167 ||   412
Invok: Ancestor Life: Ba |     1 |       |       |       ||     1
       Ancestor Identity |       |     2 |       |       ||     2
       Transference      |       |       |     2 |     1 ||     3
       Idealise          |       |       |     1 |     1 ||     2
  Use: Scroll            |       |     7 |     9 |     1 ||    17
       Potion            |       |       |       |     1 ||     1
 Stab: Sleeping          |     4 |       |       |       ||     4
       Distracted        |     1 |     2 |     2 |     6 ||    11
Armor: Robe              |    27 |     2 |       |       ||    29
       Plate armour      |       |   106 |    87 |    82 ||   275
Dodge: Dodged            |    58 |    33 |    54 |    69 ||   214
Block: Buckler           |     7 |    21 |    28 |    41 ||    97

Table legend: (Time is in decaauts)
 A = Elapsed time spent in this place.
 B = Non-inter-level travel time spent in this place.
 C = Inter-level travel time spent in this place.
 D = Time resting spent in this place.
 E = Time spent auto-exploring this place.
 F = Levels seen in this place.
 G = Mean time per level.
                   A        B        C        D        E       F      G
               +--------+--------+--------+--------+--------+-----+--------+
         Total |  10699 |  10303 |    396 |   2002 |   6878 |  12 |  891.6 |
       Dungeon |  10256 |   9860 |    396 |   2002 |   6531 |  11 |  932.4 |
       Ossuary |    443 |    443 |      0 |      0 |    347 |   1 |  443.0 |
               +--------+--------+--------+--------+--------+-----+--------+

Top non-repeatable levels by time:
     D:3: 1348 daAuts
     D:7: 1243 daAuts
     D:1: 1111 daAuts
     D:8: 1089 daAuts
     D:4: 1063 daAuts
     D:9: 1012 daAuts
     D:5: 935 daAuts
     D:2: 928 daAuts
     D:6: 861 daAuts
    D:10: 623 daAuts
 Ossuary: 443 daAuts
    D:11: 39 daAuts
